 Dungeon Sprint DCSS version 0.31-a0-7-g51783674b7 (webtiles) character file.

Game seed: 8272270264429056766

110 sircluck the Trooper (level 4, -1/45 HPs)
             Began as a Hill Orc Fighter on May 5, 2023.
             Killed from afar by Sigmund (18 damage)
             ... with a bolt of dispelling energy
             ... in the Dungeon (Sprint I: "Red Sonja").
             The game lasted 00:00:26 (203 turns).

sircluck the Trooper (Hill Orc Fighter)              Turns: 203, Time: 00:00:26

Health: -1/45      AC:  7    Str: 20    XL:     4   Next: 91%
Magic:  4/4        EV:  9    Int:  8    God:
Gold:   108        SH:  5    Dex: 10    Spells: 3/3 levels left

rFire   . . .        a - +0 war axe
rCold   . . .        c - +0 buckler
rNeg    . . .        b - +0 scale mail
rPois   .            (no helmet)
rElec   .            (no cloak)
rCorr   .            (no gloves)
SInv    .            (no boots)
Will    .....        (no amulet) Stlth
                     (no ring)
HPRegen 0.27/turn    (no ring)
MPRegen 0.09/turn

%: no teleportation
@: no status effects
A: no striking features
a: no special abilities


You were in the Dungeon.
You visited 1 branch You collected 108 gold pieces.

Inventory:

Hand Weapons
 a - a +0 war axe (weapon)
Armour
 b - a +0 scale mail (worn)
 c - a +0 buckler (worn)
Wands
 k - a wand of digging (8)
Scrolls
 j - a scroll of blinking
Potions
 d - a potion of might
 e - a potion of curing
 f - a potion of heal wounds
 g - a potion of haste
 h - 2 potions of magic
 i - a potion of berserk rage


   Skills:
 + Level 6.9 Fighting
 + Level 5.1 Axes
 + Level 6.7 Armour
 + Level 5.9 Shields


You had 3 spell levels left.
You didn't know any spells.
Your spell library was empty.

Dungeon Overview and Level Annotations

Branches:
Dungeon (1/1)

Altars:

Annotations:
D Sigmund


Message History

Found 54 gold pieces.
You now have 27 gold pieces.
You now have 54 gold pieces (gained 27).
There is a fountain of clear blue water here.
You start resting.
HP restored.
There is an open door, spattered with blood here.
Things that are here:
a +0 club; a +0 scale mail; the goblin corpse of Ijyb
There is an open door, spattered with blood here.
You see here a +0 giant spiked club.
You open the door.
Found 54 gold pieces.
There is an open door here.
You now have 81 gold pieces (gained 27).
You now have 108 gold pieces (gained 27).
There is an open door here.
You open the door.
Sigmund the Dreaded comes into view.
He is wielding a +0 scythe and carrying a wand of quicksilver (13).
Sigmund shouts!
Sigmund casts a spell at you. The magic dart hits you.
There is an open door here.
You closely miss Sigmund. Sigmund misses you.
You closely miss Sigmund. Sigmund hits you with a +0 scythe!
You slash Sigmund!
Sigmund is heavily wounded.
Sigmund zaps a wand.
The bolt of dispelling energy hits you!!
You barely miss Sigmund.
Sigmund is heavily wounded.
Sigmund hits you with a +0 scythe.
You slash Sigmund!
Sigmund is almost dead.
You block Sigmund's attack.
You hit Sigmund but do no damage.
Sigmund is almost dead.
Sigmund zaps a wand.
The bolt of dispelling energy hits you!!
You die...

#############
#<.#..').#..+
#..').#..@@.#
#..#####'####
#..# #..#
#..# ####
#..# #⌠⌠#
#.## #..#
####


You could see Sigmund.

Vanquished Creatures
  An ogre (D)
  Ijyb (D)
2 creatures vanquished.

Notes
Turn   | Place    | Note
-------+----------+-------------------------------------------
     0 | D        | sircluck the Hill Orc Fighter began the quest for the Orb.
     0 | D        | Reached XP level 1. HP: 19/19 MP: 1/1
     1 | D        | Noticed Ijyb
     7 | D        | Killed Ijyb
     8 | D        | Reached skill level 5 in Fighting
     8 | D        | Reached XP level 2. HP: 17/29 MP: 2/2
     8 | D        | Reached XP level 3. HP: 21/36 MP: 3/3
    67 | D        | Noticed an ogre
    75 | D        | Killed an ogre
    76 | D        | Reached skill level 5 in Axes
    76 | D        | Reached skill level 5 in Shields
    76 | D        | Reached XP level 4. HP: 17/45 MP: 4/4
   196 | D        | Noticed Sigmund
   203 | D        | Killed from afar by Sigmund

Illustrated notes

Levels and vault maps discovered:
D:        dungeon_sprint_1 [red_sonja_temple_1, red_sonja_temple_small_1]

Skill      XL: |  1  2  3 |
---------------+----------+-----
Fighting       | 5 6 |  6.9
Axes           | 3 5 |  5.1
Armour         | 4 6 |  6.7
Shields        | 4 5 |  5.9

Action                     |  1- 3 |  4- 6 || total
---------------------------+-------+-------++-------
  Melee: War axe           |    12 |     6 ||    18
  Evoke: Wand              |       |     1 ||     1
 Armour: Scale mail        |     3 |       ||     3
  Dodge: Dodged            |     4 |     1 ||     5
  Block: Buckler           |       |     1 ||     1

Table legend: (Time is in decaauts)
 A = Elapsed time spent in this place.
 B = Non-inter-level travel time spent in this place.
 C = Inter-level travel time spent in this place.
 D = Time resting spent in this place.
 E = Time spent auto-exploring this place.
 F = Levels seen in this place.
 G = Mean time per level.
                   A        B        C        D        E       F      G
               +--------+--------+--------+--------+--------+-----+--------+
         Total |    209 |    200 |      9 |     78 |     59 |   1 |  209.0 |
       Dungeon |    209 |    200 |      9 |     78 |     59 |   1 |  209.0 |
               +--------+--------+--------+--------+--------+-----+--------+

Top non-repeatable levels by time:
       D: 209 daAuts
